Map: Pylon LE

Players

CraftStar - Winner!

  • Race: Terran Terran
  • League: Diamond
  • Spawn Location: 5:00

LigerMaNN

  • Race: Zerg Zerg
  • League: Diamond
  • Spawn Location: 11:00

VOD

Have the link to the VOD?

Description

Time

  • Played on: June 29, 2025, 2:11 a.m.
  • Length: 14:33
Show
View Real Time Build Order
Export as new Build Order

CraftStar Terran - Winner!

Build Orders:  

Get SALT Encoding   

  12  0:00  SCV  
  13  0:12  SCV  
  14  0:24  Supply Depot, SCV  
  15  0:46  SCV  
  15  0:49  Barracks  
  16  0:58  SCV  
  17  1:10  SCV  
  18  1:22  Command Center, SCV  
  19  1:34  SCV  
  19  1:36  Marine  
  21  1:47  Supply Depot  
  21  1:48  Orbital Command  
  21  1:54  Marine  
  22  2:09  Barracks  
  22  2:15  Refinery, SCV  
  23  2:16  Refinery  
  23  2:17  Marine  
  24  2:29  SCV  
  25  2:40  Orbital Command  
  25  2:46  Barracks Tech Lab  
  25  2:48  SCV  
  26  3:00  SCV  
  26  3:04  Marine, Barracks Tech Lab  
  28  3:06  SCV  
  28  3:11  Supply Depot  
  29  3:22  Marine  
  29  3:23  Barracks  
  29  3:27  Stimpack, Marine, Combat Shield  
  30  3:29  SCV  
  30  3:30  SCV  
  33  3:38  Barracks  
  33  3:40  Marine  
  34  3:42  SCV  
  34  3:43  Supply Depot  
  35  3:49  Marine  
  35  3:53  Barracks  
  36  3:57  Barracks  
  36  3:58  Marine, SCV x2  
  39  4:07  Barracks, Marine  
  40  4:12  Marine  
  40  4:16  Marine  
  42  4:25  Marine  
  42  4:29  Marine  
  42  4:30  Marine  
  45  4:33  Marine  
  46  4:42  Supply Depot  
  46  4:44  Supply Depot  
  46  5:02  Supply Depot  
  46  5:03  Marine x6  
  46  5:04  Supply Depot  
  51  5:12  Engineering Bay x2, SCV x2  
  53  5:21  Marine x5  
  53  5:23  Marine x2  
  60  5:41  SCV  
  61  5:44  Marine  
  61  5:47  Marine  
  61  5:48  Marine x5  
  68  5:50  Terran Infantry Armor Level 1, Terran Infantry Weapons Level 1  
  68  5:53  Factory, SCV  
  69  6:02  Marine  
  70  6:08  Marine x5  
  70  6:09  Marine  
  70  6:10  SCV x2  
  78  6:27  Command Center  
  78  6:42  Armory  
  78  6:47  Marine x5, SCV  
  78  6:49  Supply Depot x2  
  78  6:52  Barracks Reactor x2  
  83  6:55  SCV  
  83  6:59  SCV  
  85  7:03  Command Center  
  85  7:05  Barracks Reactor x2  
  85  7:07  SCV, Barracks Reactor  
  86  7:10  Marine x2  
  86  7:11  SCV  
  89  7:17  Barracks  
  89  7:19  SCV  
  90  7:23  Barracks, SCV  
  90  7:28  Marine x2  
  93  7:35  Marine x2  
  95  7:37  SCV x2  
  97  7:46  Marine x3  
  97  7:50  Marine  
  101  7:52  SCV x2  
  103  8:04  SCV  
  84  8:16  Barracks Reactor  
  84  8:19  Marine, Barracks Reactor  
  79  8:20  Marine x11  
  74  8:37  Orbital Command, Marine, SCV  
  74  8:38  Marine x11  
  74  8:39  SCV  
  82  8:43  Terran Infantry Armor Level 2  
  82  8:47  Terran Infantry Weapons Level 2  
  82  8:49  SCV  
  82  8:51  SCV  
  84  9:06  Barracks  
  84  9:08  Supply Depot  
  84  9:09  Supply Depot  
  84  9:13  Barracks  
  84  9:14  Supply Depot x2  
  84  9:15  Marine  
  84  9:16  Marine x4  
  89  9:29  Barracks  
  89  9:30  Barracks  
  89  9:31  Barracks  
  89  9:42  Marine  
  89  9:43  Marine x9  
  99  9:46  Supply Depot  
  99  9:47  Supply Depot, SCV x2  
  99  9:48  SCV  
  99  9:50  Barracks  
  102  9:56  Barracks Reactor  
  102  9:57  Marine x6  
  102  9:59  SCV  
  110  10:00  Marine, SCV  
  110  10:01  Planetary Fortress  
  110  10:03  SCV  
  112  10:08  Barracks Reactor  
  112  10:09  Supply Depot  
  112  10:12  SCV x2  
  114  10:15  SCV  
  114  10:16  Supply Depot  
  114  10:18  Marine  
  114  10:19  Barracks, Marine x3  
  114  10:20  Marine  
  120  10:21  Marine  
  120  10:22  Barracks, Marine  
  120  10:24  Supply Depot, Marine  
  120  10:25  Marine  
  120  10:27  Marine  
  120  10:28  Marine  
  126  10:29  Marine  
  127  10:41  Marine  
  96  10:59  Marine  
  96  11:00  Marine x8  
  96  11:03  Marine x6  
  82  11:06  Marine  
  83  11:11  Marine  
  78  11:21  Marine x7  
  78  11:22  Marine x14  
  84  11:27  Marine  
  84  11:31  SCV x3  
  87  11:33  Marine  
  87  11:37  SCV  
  89  11:42  Barracks Reactor  
  89  11:43  SCV x2, Barracks Reactor x2  
  91  11:47  SCV  
  91  11:49  SCV, Terran Infantry Weapons Level 3  
  91  11:52  Terran Infantry Armor Level 3  
  93  11:55  SCV x2  
  93  11:56  Marine  
  93  11:59  Marine, SCV  
  93  12:00  Marine x5  
  93  12:01  Marine  
  104  12:09  Marine  
  104  12:10  Marine x11  
  104  12:11  Marine  
  104  12:12  Marine x2  
  104  12:14  Marine  
  120  12:16  SCV  
  120  12:17  Marine x3, SCV  
  120  12:18  SCV  
  120  12:21  SCV  
  115  12:47  Marine x7  
  105  12:58  Marine  
  105  12:59  Marine x3  
  105  13:02  Marine x15  
  105  13:03  Marine x3  
  116  13:09  Marine x2  
  116  13:11  Marine  
  116  13:12  Marine x4  
  98  13:16  Marine x3  
  98  13:17  Marine  
  98  13:19  Marine  
  99  13:20  Marine x17  
  99  13:26  Marine  
  108  13:27  Marine  
  108  13:29  Marine  
  108  13:30  Marine x4  
  108  13:31  SCV x2  
  108  13:34  Marine x4  
  115  13:37  Marine  
  115  13:38  Marine  
  121  13:43  Marine  
  121  13:48  Marine  
  122  13:49  Marine x14  
  122  13:50  Marine  
  122  13:51  Marine  
  122  13:54  Command Center  
  139  14:09  Marine x5  
  123  14:10  Marine x11  
  123  14:11  Marine  
  123  14:12  Marine  
Show
View Real Time Build Order
Export as new Build Order

LigerMaNN Zerg 

Build Orders: Hatch First, Zergling Baneling 

Get SALT Encoding   

  12  0:01  Drone  
  13  0:12  Overlord  
  13  0:17  Drone  
  14  0:30  Drone x2  
  14  0:35  Drone  
  17  0:51  Hatchery  
  17  0:54  Drone  
  17  0:58  Drone  
  18  1:09  Extractor  
  17  1:14  Spawning Pool  
  17  1:16  Drone  
  17  1:20  Drone  
  18  1:28  Drone  
  19  1:38  Overlord  
  19  2:04  Zergling x6  
  19  2:07  Queen x2  
  26  2:10  Overlord  
  26  2:24  Metabolic Boost  
  26  2:27  Drone x2  
  26  2:29  Drone  
  29  2:37  Zergling x2  
  29  2:38  Zergling x2  
  29  2:43  Overlord  
  31  2:49  Zergling x2  
  32  2:57  Baneling Nest  
  32  2:58  Zergling x4  
  32  3:05  Overlord  
  33  3:19  Zergling x14  
  40  3:26  Overlord  
  40  3:30  Overlord  
  40  3:47  Drone  
  40  3:48  Drone x4  
  45  3:49  Drone  
  45  3:51  Baneling x2  
  45  3:52  Baneling  
  45  3:53  Baneling  
  45  3:54  Baneling  
  46  3:56  Baneling  
  46  3:57  Baneling  
  46  3:59  Baneling  
  46  4:00  Baneling  
  31  4:27  Drone x6  
  37  4:39  Hatchery  
  37  4:40  Zergling x4  
  38  4:51  Zergling x4  
  40  5:00  Drone x2  
  40  5:01  Drone  
  40  5:02  Overlord  
  40  5:03  Overlord x3  
  43  5:25  Drone x5  
  43  5:26  Drone x2  
  49  5:37  Lair  
  49  5:42  Drone x5  
  54  5:55  Drone x4  
  54  5:56  Drone x2  
  60  5:58  Queen  
  60  6:01  Zergling x8  
  66  6:20  Zergling x10  
  71  6:26  Evolution Chamber x2  
  71  6:29  Zergling x16  
  76  6:45  Centrifugal Hooks  
  76  6:53  Hatchery  
  76  6:54  Zergling x18  
  84  6:56  Hatchery  
  84  6:57  Hatchery  
  82  7:09  Baneling x12  
  82  7:11  Zergling x20  
  82  7:13  Queen x3  
  98  7:24  Zergling x10  
  103  7:38  Drone x3, Extractor  
  103  7:40  Drone  
  105  7:45  Overlord x4  
  105  7:47  Baneling  
  105  7:48  Baneling x2  
  46  8:40  Drone x15  
  46  8:41  Drone x10  
  69  8:56  Zergling x18  
  69  8:59  Zerg Melee Weapons Level 1, Zerg Ground Armor Level 1  
  69  9:02  Extractor  
  77  9:03  Extractor  
  76  9:10  Hatchery  
  76  9:16  Extractor  
  76  9:17  Extractor  
  73  9:22  Queen  
  75  9:25  Zergling x20  
  75  9:26  Zergling x10  
  90  9:31  Baneling x3  
  90  9:32  Baneling x8  
  89  10:00  Zergling x32  
  89  10:03  Baneling x15  
  105  10:09  Queen  
  107  10:14  Queen  
  107  10:15  Queen  
  107  10:19  Queen  
  113  10:23  Baneling x2  
  113  10:24  Baneling x10  
  113  10:25  Baneling  
  113  10:26  Zergling x22  
  82  11:21  Zergling x44  
  95  11:30  Zergling x4  
  96  11:47  Baneling  
  96  11:48  Baneling x29  
  96  11:49  Baneling x18  
  96  11:50  Zergling x20  
  106  11:54  Zerg Melee Weapons Level 2  
  106  12:05  Drone x13  
  106  12:06  Drone  
  106  12:07  Drone  
  106  12:08  Drone  
  122  12:23  Zergling x18  
  122  12:24  Zergling x6  
  88  12:49  Drone  
  88  12:50  Drone x16  
  88  12:51  Drone  
  96  12:53  Drone  
  81  13:14  Zergling x20  
  81  13:17  Baneling x4  
  84  13:40  Zergling x32  
Tags
 
Matchup
TvZ
Replay Pack
June 2025
Spawn Locations
Cross Positions
Add a new tag
Caveats
  • Supply blocks, unpowered buildings, or Contaminate may cause inaccurate times.
  • Supply counts are checked every 10 seconds.